 Dungeon Crawl Stone Soup version 0.28-a0-476-g0f06bd746f (webtiles) character file.

Game seed: 7980009866895099075

3264 freelancePsychic the Magician (level 10, -1/76 HPs)
             Began as a Djinni Summoner on Sept 16, 2021.
             Was an Initiate of Makhleb.
             Slain by an orc warrior (18 damage)
             ... on level 8 of the Dungeon.
             The game lasted 00:15:03 (9543 turns).

freelancePsychic the Magician (Djinni Summoner)     Turns: 9543, Time: 00:15:04

Health: -1/76      AC:  5    Str: 11    XL:     10   Next: 19%
Gold:   281        EV: 15    Int: 20    God:    Makhleb [......] SH:  0 Dex: 14

rFire   + + .      SeeInvis .   n - +8 morningstar "Impbane" {speed, Str+4}
rCold   x . .      Faith    .   (no shield)
rNeg    + . .      Spirit   .   a - +0 robe
rPois   ∞          Reflect  .   s - +1 helmet
rElec   .          Harm     .   e - +0 cloak
rCorr   .          Rampage  .   (no gloves)
Will    +....                   (boots unavailable)
Stlth   ++........              (no amulet)
HPRegen 0.22/turn               k - ring of positive energy
MPRegen 0.00/turn               (no ring)

@: flying
A: sickness immunity, fire resistance 2, cold vulnerability 1, float, innate
caster, hp casting, extra vitality 1
a: Renounce Religion


You were on level 8 of the Dungeon.
You worshipped Makhleb.
Makhleb was noncommittal.
You visited 2 branches of the dungeon, and saw 9 of its levels.

You collected 430 gold pieces.
You spent 149 gold pieces at shops.

Inventory:

Hand Weapons
 b - a +0 dagger
 n - the +8 morningstar "Impbane" (weapon) {speed, Str+4}
   (You found it on level 5 of the Dungeon)

   Attacks with this weapon are significantly faster.
   Str:       It affects your strength (+4).
Armour
 a - a +0 robe (worn)
 e - a +0 cloak (worn)
 s - a +1 helmet (worn)
Jewellery
 k - a ring of positive energy (left hand)
 r - a ring of fire
Wands
 i - a wand of flame (32)
 p - a wand of polymorph (10)
 q - a wand of iceblast (3)
Scrolls
 c - 2 scrolls of teleportation {@r4}
 d - a scroll of torment
 f - a scroll of magic mapping
 j - a scroll of immolation
Potions
 h - 2 potions of invisibility
 l - 2 potions of attraction {unknown}
 m - a potion of mutation {unknown}
 o - a potion of magic {unknown}
 t - a potion of degeneration {unknown}
 u - a potion of haste {unknown}


   Skills:
 + Level 7.9 Fighting
 + Level 7.2 Dodging
 - Level 1.5 Stealth
 + Level 7.9 Spellcasting


You had 2 spell levels left.
You knew the following spells:

 Your Spells              Type           Power      Damage    Failure   Level
a - Scorch                Fire           78%        2d8       1%          2
b - Call Imp              Summ           39%        N/A       1%          2
c - Call Canine Familiar  Summ           39%        N/A       1%          3
d - Summon Guardian Gole  Hex/Summ       39%        N/A       1%          3
e - Summon Lightning Spi  Summ/Air       39%        N/A       3%          4
f - Apportation           Tloc           78%        N/A       1%          1
g - Summon Small Mammal   Summ           100%       N/A       1%          1
h - Swiftness             Air            39%        N/A       1%          3
i - Spider Form           Tmut/Pois      19%        N/A       1%          3
Your spell library was empty.

Dungeon Overview and Level Annotations

Branches:
Dungeon (8/15)             Temple (1/1) D:7
   Lair: D:8-11

Altars:
Cheibriados
Dithmenos
Elyvilon
Fedhas
Gozag
Hepliaklqana
Kikubaaqudgha
Makhleb
Nemelex Xobeh
Qazlal
Ru
Sif Muna
Trog
Uskayaw
Vehumet
Wu Jian
Xom
Yredelemnul
Zin
The Shining One
Lugonu

Shops:
D:5 (   D:7 [

Annotations:
D:6 3 runed translucent doors, luckym00se's ghost, amateur TrBe; mewnfare's ghost, novice OgBe


Innate Abilities, Weirdness & Mutations

You are immune to sickness and miasma.
You are immune to poison.
Your flesh is very heat resistant. (rF++)
You are vulnerable to cold. (rC-)
You float through the air rather than walking.
You learn spells naturally, not from books.
Your magical power is your life essence.
You have superior vitality. (+4 HP)


Message History

The orc warrior hits you from afar with a +0 glaive!!
* * * LOW HITPOINT WARNING * * *
Found a scroll of vulnerability and a scroll labelled UFFI MUUFESAXT.
The orc warrior hits your lightning spire with a +0 glaive!!
Found a scroll labelled ENGIOV WAZE.
The orc warrior hits your lightning spire with a +0 glaive.
Okay, then.
You feel better.
The orc warrior hits your lightning spire with a +0 glaive!
The orc warrior hits your lightning spire with a +0 glaive!
Okay, then.
Found a corrupted altar of Lugonu.
The orc warrior hits your lightning spire but does no damage.
You feel better.
The orc warrior hits your lightning spire with a +0 glaive!
Your lightning spire is destroyed!
Your lightning spire disappears in a puff of smoke!
Casting: Summon Lightning Spire (dangerous; 3% risk of failure)
Confirm with . or Enter, or press ? or * to list all spells.
* * * LOW HITPOINT WARNING * * *
Your guardian golem overheats!
Casting: Call Canine Familiar (safe; 1% risk of failure)
Confirm with . or Enter, or press ? or * to list all spells.
A guardian golem appears, shielding your allies.
* * * LOW HITPOINT WARNING * * *
Your guardian golem disappears in a puff of smoke!
Your hound bites the orc warrior but does no damage.
The orc warrior hits your hound with a +0 glaive!
Your hound bites the orc warrior but does no damage.
The green ugly thing gurgles horribly!
Your hound bites the orc warrior.
The orc warrior barely misses your hound.
Your hound completely misses the orc warrior.
Your hound barely misses the orc warrior.
The orc warrior hits your hound with a +0 glaive!!
Your hound dies!
Your hound's corpse disappears in a puff of smoke!
There is a transporter landing site here.
The orc warrior hits you with a +0 glaive!!
You die...

#### #?.#
...## x...## .
####x..###..
#.###{x.....
##...##u....#
#..o@©#x._..#
#..9.##x....#
#..###u..x...
#$###...###..
##.#u#..#####.
.
#..#?.###...#
##. #.###.?
#...## #.. #.#
####....# ..#
##.####....†#
#.#


You could see 2 ugly things, an orc warrior (ally target), 5 small abominations
and a friendly guardian golem (summoned).

Vanquished Creatures
  A wraith (D:8)
  A sky beast (D:5)
  A centaur (D:7)
  A bullfrog (D:7)
  A water moccasin zombie (D:7)
  A wyvern skeleton (D:7)
  A wight (D:8)
  2 howler monkeys (D:8)
  A jelly (D:5)
  A howler monkey zombie (D:7)
  An adder (D:2)
  A shadow imp (D:5)
  An ufetubus (D:7)
  A dart slug (D:5)
  6 orcs
  3 bats
  5 endoplasms
  A giant cockroach (D:2)
  2 goblins
  2 hobgoblins
  5 ball pythons
  2 frilled lizards
  3 kobolds (D:1)
  3 rats
47 creatures vanquished.

Vanquished Creatures (collateral kills)
  A deep elf pyromancer (D:7)
  A wyvern (D:7)
  An ice beast (D:6)
  A centaur (D:8)
  An ogre (D:5)
  A kobold brigand (D:6)
  An orc priest (D:5)
  A centaur skeleton (D:4)
  A jelly (D:5)
  3 hounds
  3 iguanas
  A howler monkey skeleton (D:4)
  A gnoll (D:4)
  5 adders
  A white imp (D:3)
  An adder zombie (D:5)
  A worm (D:3)
  An orc (D:5)
  A ball python (D:1)
  2 endoplasms
  5 goblins
  3 hobgoblins
  2 quokkas
  A bat (D:3)
  2 kobolds (D:6)
42 creatures vanquished.

Vanquished Creatures (others)
  A hydra (D:8)
  A troll (D:8)
  A wyvern (D:4)
  3 ogres
  2 hounds (D:5)
  2 gnolls (D:4)
10 creatures vanquished.

Grand Total: 99 creatures vanquished

Notes
Turn   | Place    | Note
-------+----------+-------------------------------------------
     0 | D:1      | freelancePsychic the Djinni Summoner began the quest for
                  | the Orb.
     0 | D:1      | Reached XP level 1. HP: 15/15 MP: 0/0
   167 | D:1      | Reached XP level 2. HP: 21/22 MP: 0/0
   835 | D:1      | Reached skill level 1 in Fighting
  1468 | D:1      | Reached XP level 3. HP: 11/27 MP: 0/0
  1468 | D:1      | Learned a level 1 spell: Apportation
  2502 | D:2      | Reached XP level 4. HP: 31/32 MP: 0/0
  2641 | D:2      | Found a faded altar of an unknown god.
  4410 | D:4      | Reached XP level 5. HP: 30/39 MP: 0/0
  4410 | D:4      | Learned a level 2 spell: Scorch
  4504 | D:4      | Noticed a wyvern
  4514 | D:5      | Entered Level 5 of the Dungeon
  4544 | D:5      | Noticed an ogre
  4556 | D:5      | Killed an ogre
  4557 | D:5      | Reached skill level 5 in Spellcasting
  4557 | D:5      | Reached XP level 6. HP: 9/46 MP: 0/0
  4881 | D:5      | Noticed an ogre
  4890 | D:5      | Killed an ogre
  4891 | D:5      | Reached XP level 7. HP: 29/51 MP: 0/0
  4891 | D:5      | Learned a level 3 spell: Swiftness
  5193 | D:5      | Found the +8 trident of the Octopus King {venom, rElec
                  | rPois Will+}
  5406 | D:5      | Found Zataga Juesm's Antique Weapon Shoppe.
  5429 | D:5      | Identified the +8 morningstar "Impbane" {speed, Str+4}
  5515 | D:5      | Found a white marble altar of Elyvilon.
  5519 | D:5      | Found a glowing golden altar of the Shining One.
  5522 | D:5      | Found a basalt altar of Yredelemnul.
  5550 | D:5      | Found an ornate altar of the Wu Jian Council.
  5550 | D:5      | Found a glowing silver altar of Zin.
  5737 | D:6      | Reached XP level 8. HP: 53/58 MP: 0/0
  5842 | D:4      | Killed a wyvern
  6392 | D:4      | Reached skill level 5 in Fighting
  7556 | D:6      | Found a runed translucent gate.
  7556 | D:6      | Found a runed translucent gate.
  7556 | D:6      | Found a runed translucent gate.
  7678 | D:6      | Noticed mewnfare's ghost (novice OgBe)
  7976 | D:6      | Noticed luckym00se's ghost (amateur TrBe)
  8174 | D:7      | Found Mocvaad's Armour Shop.
  8183 | D:7      | Bought a +1 helmet for 149 gold pieces
  8269 | D:7      | Noticed a deep elf pyromancer
  8281 | D:7      | Noticed a wyvern
  8287 | D:7      | Killed a wyvern
  8288 | D:7      | Reached XP level 9. HP: 54/66 MP: 0/0
  8288 | D:7      | Learned a level 3 spell: Spider Form
  8298 | D:7      | Killed a deep elf pyromancer
  8299 | D:7      | Reached skill level 5 in Dodging
  8428 | D:7      | Identified the +1 chain mail of Lamnipn {rF- rN+ rCorr}
  8881 | D:7      | Found a staircase to the Ecumenical Temple.
  9020 | Temple   | Entered the Ecumenical Temple
  9256 | Temple   | Became a worshipper of Makhleb the Destroyer
  9290 | D:8      | Found a large runed translucent door.
  9291 | D:8      | Found a large runed translucent door.
  9294 | D:8      | Noticed a troll
  9329 | D:8      | Noticed a five-headed hydra
  9500 | D:8      | Killed a troll
  9501 | D:8      | Killed a five-headed hydra
  9502 | D:8      | Reached XP level 10. HP: 24/76 MP: 0/0
  9528 | D:8      | Noticed a brown ugly thing
  9529 | D:8      | HP: 3/76 [orc warrior (21)]
  9534 | D:8      | Found a corrupted altar of Lugonu.
  9538 | D:8      | Noticed a green ugly thing
  9543 | D:8      | Slain by an orc warrior

Illustrated notes

Levels and vault maps discovered:
D:1:      evilmike_arrival_rings, layout_loops_ring, minmay_hedge_maze,
          minmay_crystal_room, serial_park_tiny_2
D:2:      layout_basic, hellmonk_ecumenical_altar_crossroads
D:3:      layout_loops_cross
D:4:      layout_basic, nicolae_sif_muna_little_library
D:5:      layout_rooms, gammafunk_temple_overflow_wave,
          grunt_temple_overflow_diamond, serial_shops,
          nicolae_shop_temple_entry_statues_fountains
D:6:      layout_layer_cave, serial_rivers, chequers_serial_rivers_room_b,
          chequers_serial_rivers_large_a, chequers_serial_rivers_room_a,
          chequers_serial_rivers_small_3, chequers_serial_rivers_room_b,
          gammafunk_ghost_cemetery, minivault_26
D:7:      layout_basic, minmay_temple_entry_glassed_door, serial_shops,
          nicolae_square_shop
D:8:      gammafunk_corrupted_shrine, layout_loops_ring,
          minmay_hollow_rounded_squares
Temple:   eino_narrow_crystal_temple

Skill      XL: |  1  2  3  4  5  6  7  8  9 |
---------------+----------------------------+-----
Fighting       | 1 2 3 4 5 7 |  7.9
Spellcasting   | 4 5 6 7 |  7.9
Dodging        | 4 7 |  7.2
Stealth        | |  1.5

Action                   |  1- 3 |  4- 6 |  7- 9 | 10-12 || total
-------------------------+-------+-------+-------+-------++-------
Melee: Unarmed           |    11 |       |       |       ||    11
       Dagger            |   107 |    72 |     6 |       ||   185
       Morningstar       |       |       |    56 |       ||    56
 Cast: Summon Small Mamm |    12 |     1 |       |       ||    13
       Call Imp          |     8 |     8 |       |       ||    16
       Call Canine Famil |       |    12 |    17 |     1 ||    30
       Scorch            |       |     4 |     5 |       ||     9
       Summon Guardian G |       |     3 |    14 |     2 ||    19
       Summon Lightning  |       |       |    15 |     1 ||    16
Evoke: Wand              |       |     1 |       |       ||     1
  Use: Scroll            |       |     5 |     4 |       ||     9
       Potion            |       |     3 |       |     2 ||     5
 Stab: Sleeping          |     5 |     2 |     3 |       ||    10
       Distracted        |       |       |     1 |       ||     1
Armor: Robe              |    19 |    28 |     7 |       ||    54
Dodge: Dodged            |    69 |    70 |    50 |       ||   189

Table legend: (Time is in decaauts)
 A = Elapsed time spent in this place.
 B = Non-inter-level travel time spent in this place.
 C = Inter-level travel time spent in this place.
 D = Time resting spent in this place.
 E = Time spent auto-exploring this place.
 F = Levels seen in this place.
 G = Mean time per level.
                   A        B        C        D        E       F      G
               +--------+--------+--------+--------+--------+-----+--------+
         Total |   9542 |   9224 |    318 |    470 |   7547 |   9 | 1060.2 |
       Dungeon |   9291 |   8989 |    302 |    470 |   7375 |   8 | 1161.4 |
        Temple |    251 |    236 |     15 |      0 |    172 |   1 |  251.0 |
               +--------+--------+--------+--------+--------+-----+--------+

Top non-repeatable levels by time:
     D:1: 1800 daAuts
     D:6: 1396 daAuts
     D:3: 1336 daAuts
     D:5: 1224 daAuts
     D:2: 1157 daAuts
     D:4: 1086 daAuts
     D:7: 1029 daAuts
     D:8: 260 daAuts
  Temple: 251 daAuts
